 Dungeon Crawl Stone Soup version 0.29-a0-892-g2c4c91d9db (webtiles) character file.

Game seed: 323615146246279327

575892 Gorgondantess the Ruinous (level 27, -10/145 HPs)
             Began as a Tengu Hedge Wizard on July 4, 2022.
             Was the Champion of Hepliaklqana.
             Killed from afar by an orb of fire (17 damage)
             ... with a bolt of fire
             ... on level 5 of the Realm of Zot on Mar 4, 2023.
             The game lasted 06:12:45 (77374 turns).

Gorgondantess the Ruinous (Tengu Hedge Wizard)     Turns: 77374, Time: 06:12:46

Health: -10/145    AC: 28    Str: 17    XL:     27
Magic:  17/54      EV: 21    Int: 24    God:    Hepliaklqana [******]
Gold:   6019       SH: 23    Dex: 13    Spells: 5/60 levels left

rFire   + . .      SeeInvis .   b - staff of conjuration
rCold   + + .      Faith    .   v - +5 kite shield {AC+3}
rNeg    + . .      Spirit   .   F - +4 faerie dragon scales {rC++ rCorr HP-3}
rPois   +          Reflect  .   O - +2 hat {Int+3}
rElec   +          Harm     .   L - +2 cloak of the Slorg {rElec rCorr Int-2}
rCorr   +          Rampage  .   U - +2 pair of gloves
Will    +++..                   (boots unavailable)
Stlth   +++.......              j - amulet of regeneration
HPRegen 0.00/turn               S - ring "Qiroed" {rPois rF+ Will+ MP+9}
MPRegen 0.34/turn               y - ring of the Octopus King {rN+ HP+2 AC+2 EV+2 SH+2}

@: about to teleport, marked, on blink cooldown, flying quickly and evasively,
inhibited regen, quick
A: reduced essence, beak, talons 3, nimble flight, iridescent scales 1, large
bone plates 1, dopey 1, inhibited regeneration, strong 1
}: 3/15 runes: decaying, silver, gossamer
a: Renounce Religion, Recall Ancestor, Ancestor Identity, Transference, Idealise


You were on level 5 of the Realm of Zot.
You worshipped Hepliaklqana.
Hepliaklqana was exalted by your worship.
You visited 12 branches of the dungeon, and saw 53 of its levels.
You also visited: Sewer, Gauntlet, Ice Cave and Volcano.

You collected 8887 gold pieces.
You spent 2868 gold pieces at shops.

Inventory:

Hand Weapons
 a - the +7 sceptre of Torment {pain, torment}
   (You took it off a vampire mage on level 3 of the Crypt)

   In the hands of one skilled in necromantic magic, it inflicts extra damage on
   living creatures.
   It occasionally torments all nearby living foes when it strikes in combat.
Armour
 c - a +2 hat of willpower
 v - a +5 kite shield of protection (worn)
 F - the +4 faerie dragon scales (worn) {rC++ rCorr HP-3}
   (You took it off the Enchantress on level 1 of the Depths)

   rC:        It greatly protects you from cold.
   HP:        It affects your health (-3).
   rCorr:     It protects you from acid and corrosion.
 L - the +2 cloak of the Slorg (worn) {rElec rCorr Int-2}
   (You bought it in a shop on level 2 of the Orcish Mines)

   Int:       It affects your intelligence (-2).
   rElec:     It insulates you from electricity.
   rCorr:     It protects you from acid and corrosion.
 O - a +2 hat of intelligence (worn)
 U - a +2 pair of gloves (worn)
Magical Staves
 b - a staff of conjuration (weapon)
 x - a staff of fire
Jewellery
 h - the amulet of Fragile Peace {Reflect rN+ SH+5}
   (You found it in a Gauntlet)

   [amulet of reflection]

   It reflects blocked missile attacks.
   rN:        It protects you from negative energy.
   SH:        It affects your SH (+5).
 j - an amulet of regeneration (around neck)
 s - the ring "Ilelodwe" {Will+ Int+6}
   (You found it on level 1 of the Vaults)

   [ring of intelligence]

   Int:       It affects your intelligence (+6).
   Will:      It increases your willpower.
 y - a ring of the Octopus King (right hand) {rN+ HP+2 AC+2 EV+2 SH+2}
   (You took it off a deep elf death mage on level 3 of the Elven Halls)

   [ring of positive energy]

   AC:        It affects your AC (+2).
   EV:        It affects your evasion (+2).
   rN:        It protects you from negative energy.
   HP:        It affects your health (+2).
   SH:        It affects your SH (+2).
 J - the ring of the Charmed Eggfruit {+Blink rElec rN+ rCorr}
   (You took it off a vampire mage on level 3 of the Crypt)

   [ring of positive energy]

   rElec:     It insulates you from electricity.
   rN:        It protects you from negative energy.
   +Blink:    It lets you blink.
   rCorr:     It protects you from acid and corrosion.
 K - the dreamshard necklace {*Dream Drain}
   (You found it on level 1 of the Realm of Zot)

   [amulet of nothing]

   It shatters if its wearer takes lethal or near-lethal damage, preventing the
   blow and releasing protective dreams that heal and fight for the wearer.
   Drain:     It drains your maximum health when unequipped.
 S - the ring "Qiroed" (left hand) {rPois rF+ Will+ MP+9}
   (You found it on level 7 of the Dungeon)

   [ring of magical power]

   rF:        It protects you from fire.
   rPois:     It protects you from poison.
   MP:        It affects your magic capacity (+9).
   Will:      It increases your willpower.
 X - the ring "Mobuejuv" {rN+ Int+4}
   (You found it on level 3 of the Crypt)

   [ring of positive energy]

   Int:       It affects your intelligence (+4).
   rN:        It protects you from negative energy.
Wands
 r - a wand of acid (22)
 z - a wand of digging (17)
 A - a wand of paralysis (22)
 M - a wand of iceblast (68)
 W - a wand of mindburst (22)
Scrolls
 e - 4 scrolls of fear
 g - a scroll of butterflies
 k - 2 scrolls of summoning
 l - 3 scrolls of blinking
 m - a scroll of magic mapping
 q - 18 scrolls of teleportation
 B - a scroll of amnesia
 C - 7 scrolls of fog
 P - a scroll of enchant weapon
 Q - a scroll of enchant armour
 T - 4 scrolls of silence
 V - 9 scrolls of poison
Potions
 d - 7 potions of magic
 i - 2 potions of invisibility
 n - 31 potions of curing
 p - 10 potions of brilliance
 t - 5 potions of berserk rage
 u - 12 potions of ambrosia
 D - 11 potions of haste
 G - 3 potions of resistance
 I - 8 potions of heal wounds
 N - 3 potions of cancellation
 Y - 9 potions of might
Miscellaneous
 f - a lightning rod (4/4)
 o - a phantom mirror
 w - a phial of floods
 E - a box of beasts
 H - a tin of tremorstones (2/2)
 R - a condenser vane


   Skills:
 - Level 14.0 Fighting
 - Level 3.0(3.7) Short Blades
 - Level 3.4(4.0) Long Blades
 - Level 14.1 Maces & Flails
 - Level 3.0 Polearms
 - Level 9.1 Armour
 - Level 13.0 Dodging
 - Level 7.7 Stealth
 - Level 13.2 Shields
 * Level 17.3 Spellcasting
 + Level 21.4 Conjurations
 - Level 2.0 Hexes
 - Level 19.0 Summonings
 + Level 12.1 Necromancy
 - Level 2.0 Translocations
 + Level 20.0 Fire Magic
 * Level 17.6 Air Magic
 - Level 6.4 Earth Magic
 - Level 8.0 Invocations
 + Level 9.6 Evocations


You had 5 spell levels left.
You knew the following spells:

 Your Spells              Type           Power      Damage    Failure   Level
a - Lightning Bolt        Conj/Air       53%        1d75      1%          5
b - Summon Hydra          Summ           42%        N/A       1%          7
c - Blink                 Tloc           60%        N/A       4%          2
d - Starburst             Conj/Fire      55%        6d15      1%          6
e - Swiftness             Air            81%        N/A       0%          3
f - Ignition              Fire           43%        3d12      11%         8
g - Summon Mana Viper     Hex/Summ       63%        N/A       2%          5
h - Borgnjor's Vile Clut  Necr/Erth      30%        N/A       3%          5
i - Monstrous Menagerie   Summ           42%        N/A       1%          7
j - Spellforged Servitor  Conj/Summ      54%        N/A       1%          7

Your spell library contained the following spells:

 Spells                   Type           Power      Damage    Failure   Level
 Magic Dart               Conj           100%       1d8       0%          1
 Shock                    Conj/Air       100%       1d9       0%          1
 Summon Small Mammal      Summ           100%       N/A       0%          1
 Call Imp                 Summ           84%        N/A       0%          2
 Scorch                   Fire           100%       2d10      0%          2
 Searing Ray              Conj           100%       2d8       0%          2
 Static Discharge         Conj/Air       100%       3-16/arc  0%          2
 Call Canine Familiar     Summ           84%        N/A       0%          3
 Conjure Flame            Conj/Fire      100%       6-21      0%          3
 Flame Wave               Conj/Fire      100%       2d17      0%          4
 Necrotise                Necr           100%       1d9       1%          1
 Sandblast                Erth           100%       2d20      1%          1
 Sublimation of Blood     Necr           68%        N/A       1%          2
 Dazzling Flash           Conj/Hex       100%       N/A       1%          3
 Ignite Poison            Fire/Tmut/Pois 52%        N/A       1%          3
 Inner Flame              Hex/Fire       65%        N/A       1%          3
 Mephitic Cloud           Conj/Pois/Air  90%        N/A       1%          3
 Stone Arrow              Conj/Erth      100%       3d13      1%          3
 Summon Guardian Golem    Hex/Summ       63%        N/A       1%          3
 Vampiric Draining        Necr           68%        2d10      1%          3
 Animate Armour           Summ/Erth      100%       N/A       1%          4
 Animate Dead             Necr           68%        N/A       1%          4
 Corpse Rot               Necr/Pois/Air  62%        N/A       1%          4
 Dispel Undead            Necr           68%        3d23      1%          4
 Fulminant Prism          Conj/Hex       43%        3d20      1%          4
 Hailstorm                Conj/Ice       83%        3d17      1%          4
 Iskenderun's Mystic Bla  Conj/Tloc      86%        2d17      1%          4
 Summon Ice Beast         Ice/Summ       61%        N/A       1%          4
 Summon Lightning Spire   Summ/Air       83%        N/A       1%          4
 Agony                    Necr           68%        N/A       1%          5
 Fireball                 Conj/Fire      55%        3d21      1%          5
 Freezing Cloud           Conj/Ice/Air   45%        6-21      1%          5
 Irradiate                Conj/Tmut      41%        3d25      1%          5
 Iskenderun's Battlesphe  Conj           100%       2d15      1%          5
 Apportation              Tloc           60%        N/A       2%          1
 Slow                     Hex            100%       N/A       2%          1
 Passwall                 Tmut/Erth      30%        N/A       2%          2
 Anguish                  Hex/Necr       26%        N/A       3%          4
 Silence                  Hex/Air        30%        N/A       3%          5
 Freeze                   Ice            80%        1d9       6%          1
 Confusing Touch          Hex            30%        N/A       8%          3
 Portal Projectile        Hex/Tloc       60%        N/A       8%          3
 Wereblood                Tmut           20%        N/A       9%          2
 Leda's Liquefaction      Hex/Erth       20%        N/A       11%         4
 Lee's Rapid Deconstruct  Erth           25%        3d15*     12%         5
 Petrify                  Tmut/Erth      36%        N/A       16%         4
 Frozen Ramparts          Ice            40%        1d6       19%         3
 Cause Fear               Hex            15%        N/A       26%         4
 Ice Form                 Ice/Tmut       20%        N/A       52%         4
 Olgreb's Toxic Radiance  Pois           20%        N/A       52%         4
 Metabolic Englaciation   Hex/Ice        12%        N/A       73%         5
 Yara's Violent Unravell  Hex/Tmut       12%        3d7       73%         5
 Alistair's Intoxication  Tmut/Pois      13%        N/A       86%         5
 Blade Hands              Tmut           10%        N/A       86%         5
 Conjure Ball Lightning   Conj/Air       53%        3x3d18    1%          6
 Summon Cactus Giant      Summ           42%        N/A       1%          6
 Orb of Destruction       Conj           55%        9d14      1%          7
 Iron Shot                Conj/Erth      46%        9d9       3%          6
 Death Channel            Necr           34%        N/A       6%          6
 Haunt                    Necr/Summ      38%        N/A       9%          7
 Maxwell's Capacitive Co  Air            40%        ∞         28%         8
 Fire Storm               Conj/Fire      55%        8d14      77%         9
 Lehudib's Crystal Spear  Conj/Erth      46%        10d11     78%         8
 Storm Form               Tmut/Air       29%        N/A       80%         7
 Chain Lightning          Conj/Air       53%        3d71      90%         9
 Statue Form              Tmut/Erth      24%        N/A       94%         6
 Infestation              Necr           34%        N/A       95%         8
 Dragon Form              Tmut           10%        N/A       100%        7
 Enfeeble                 Hex            15%        N/A       100%        7
 Ozocubu's Refrigeration  Ice            10%        4d7       100%        7
 Discord                  Hex            15%        N/A       100%        8
 Disjunction              Tloc           15%        N/A       100%        8
 Necromutation            Tmut/Necr      24%        N/A       100%        8
 Shatter                  Erth           25%        3d22*     100%        9


Dungeon Overview and Level Annotations

Branches:
Dungeon (15/15)            Temple (1/1) D:4            Lair (6/6) D:8
  Swamp (4/4) Lair:3       Spider (4/4) Lair:3        Slime (0/5) Lair:5
    Orc (2/2) D:12            Elf (3/3) Orc:2        Vaults (5/5) D:14
  Crypt (3/3) Vaults:2       Tomb (1/3) Crypt:3      Depths (4/4) D:15
    Zot (5/5) Depths:4      Sewer (visited)           IceCv (visited)
Volcano (visited)         Gauntlet (visited)

Altars:
Ashenzari
Cheibriados
Dithmenos
Elyvilon
Fedhas
Gozag
Hepliaklqana
Kikubaaqudgha
Makhleb
Nemelex Xobeh
Okawaru
Qazlal
Ru
Sif Muna
Trog
Uskayaw
Vehumet
Wu Jian
Xom
Yredelemnul
Zin
The Shining One

Shops:
D:1 [   D:4 *   D:10 [   Orc:1 :   Orc:2 ([:*   Vaults:1 *   Vaults:2 (
Vaults:3 ?[[[

Portals:
Hell: Depths:1 Depths:2 Depths:3 Depths:4
Abyss: Depths:1 Depths:3
Pandemonium: Depths:2
Ziggurat: Depths:3

Annotations:
Lair:2 exclusion: 4 oklob plants
Vaults:2 1 runed translucent door, Jeirass's ghost, legendary FoFi
Crypt:2 exclusion: downstairs
Zot:3 1 transporter


Innate Abilities, Weirdness & Mutations

Your life essence is reduced to manifest your ancestor. (-10% HP)
You have a beak for a mouth.
You have claws for feet.
Your magical nature lets you fly swiftly and evasively.
You are partially covered in iridescent scales. (AC +2)
You are partially covered in large bone plates. (SH +4)
You are dopey. (Int -2)
You do not regenerate when monsters are visible.
Your muscles are strong. (Str +4, Int/Dex -1)


Message History

Your five-headed hydra bites the black draconian!
Your five-headed hydra bites the black draconian but does no damage.
Your five-headed hydra barely misses the black draconian.
Your five-headed hydra bites the black draconian!
Your five-headed hydra bites the black draconian but does no damage.
Your eight-headed hydra bites the orb of fire.
Your eight-headed hydra misses the orb of fire.
Your eight-headed hydra bites the orb of fire but does no damage.
Your eight-headed hydra bites the orb of fire! x2
Your eight-headed hydra completely misses the orb of fire.
Your eight-headed hydra bites the orb of fire but does no damage. x2
The black draconian hits you but does no damage.
Unknown command.
You feel much better.
Akiya is no longer moving slowly.
The orb of fire glows bright magenta.
Your eight-headed hydra twists and deforms.
The orb of fire glows deep purple.
The bolt of fire hits your eight-headed hydra!!!!
Your eight-headed hydra dies!
Your eight-headed hydra's corpse disappears in a puff of smoke!
The bolt of fire hits you!! You resist.
* * * LOW HITPOINT WARNING * * *
The Killer Klown blinks!
The white draconian stormcaller invokes the aid of Qazlal against you.
Qazlal smites you!
* * * LOW HITPOINT WARNING * * *
A red draconian scorcher comes into view.
It is wielding a +0 short sword.
Unknown command.
Unknown command.
Casting: Summon Hydra (dangerous; 1% risk of failure)
Confirm with . or Enter, or press ? or * to list all spells.
You blink.
The orb of fire emits a lurid red light.
The bolt of fire hits you!! You resist.
* * * LOW HITPOINT WARNING * * *
The storm dragon disappears!
The death cob disappears!
The orb of fire glows bright magenta.
The bolt of fire hits you! You resist.
You die...

**,,,,.^.....d...^.^###..z###
*,,,,.....§..pD......###R....
*,,,,......XX.L......# ##...^
*,,,,..)...***§...^.^# #....
*,,,,................# ##...
*,,,,........*.......# #...
*,,,,................# ##...
**,,,...............## #....
**,,.......@......## *#....
**,.............## #.....
▓▓▓▓################ ######
#.......# ### #.....### #..
#.....# #.. #.....# #..
#.....# #.. #.....# #..


You could see 4 orbs of fire, a Killer Klown, a dread lich, 2 Orb Guardians and
a friendly five-headed hydra (summoned).

Vanquished Creatures
  A dread lich (Crypt:3)
  A juggernaut (Depths:2)
  A curse toe (Crypt:3)
  A golden dragon (Depths:3)
  5 tentacled monstrosities
  4 liches
  5 Orb Guardians (Zot:5)
  3 quicksilver dragons
  2 titans (Vaults:5)
  2 deep elf blademasters
  7 death cobs
  4 sphinxes
  7 shadow dragons
  6 storm dragons
  Donald (Orc:2)
  3 tengu reavers
  Roxanne (Elf:2)
  A revenant (Crypt:2)
  Kirke (D:12)
  2 fire giants
  3 draconian monks
  2 draconian knights (Zot:4)
  2 iron dragons
  15 vault wardens
  An emperor scorpion (Spider:4)
  3 deep elf sorcerers
  8 frost giants
  5 ghost moths
  A spectral caustic shrike (Depths:2)
  5 draconian scorchers
  A draconian stormcaller (Zot:5)
  12 ironbound preservers
  2 deep elf elementalists
  A war gargoyle (Vaults:4)
  2 ghouls (Crypt:1)
  3 draconian annihilators
  6 ironbound thunderhulks
  7 stone giants
  3 spriggan defenders (Depths:1)
  A green draconian (Zot:4)
  7 very ugly things
  3 vampire knights
  An eleionoma (Swamp:2)
  A broodmother (Spider:2)
  4 deep elf demonologists
  4 deep elf annihilators (Elf:3)
  4 black draconians
  5 purple draconians
  2 entropy weavers
  2 yellow draconians
  4 dire elephants
  5 spark wasps
  4 red draconians
  5 white draconians
  An eidolon (Crypt:3)
  Snorg (D:12)
  An ettin (shapeshifter) (Vaults:5)
  4 jiangshi
  2 deep elf death magi
  9 ettins
  7 yaktaur captains
  2 deep elf high priests (Elf:3)
  2 fire dragons
  2 rakshasas
  6 great orbs of eyes
  Erolcha (D:9)
  2 spriggan air magi (Depths:1)
  29 vault guards
  A salamander tyrant (Depths:3)
  A spriggan skeleton (Crypt:3)
  5 ice dragons
  12 hydras
  6 ironbound frosthearts
  6 two-headed ogres
  7 centaur warriors
  2 ogre magi
  2 catoblepae
  2 alligators
  2 dancing weapons
  A death knight (Crypt:2)
  5 boulder beetles
  6 deep troll shamans
  4 tengu warriors
  6 death yaks (Lair:6)
  An orc high priest (Orc:2)
  3 vampire magi
  A death scarab (Tomb:1)
  A storm dragon zombie (Crypt:1)
  7 deep troll earth magi
  2 hell knights (Vaults:5)
  4 spriggans
  5 deep elf knights
  3 spriggan berserkers (Depths:4)
  7 iron trolls
  A spark wasp zombie (Depths:2)
  5 skeletal warriors
  A death drake (Swamp:3)
  31 deep trolls
  3 flayed ghosts
  2 glowing orange brains
  A spriggan druid (Swamp:4)
  Lodul (D:12)
  A storm dragon skeleton (Crypt:1)
  An orb spider (Spider:3)
  A steelbarb worm (Spider:1)
  3 swamp dragons (Swamp:4)
  2 bog bodies
  4 deep elf archers
  3 lindwurms
  6 phantasmal warriors
  A lindwurm (shapeshifter) (Vaults:5)
  9 wizards
  14 ironbound convokers
  6 necromancers
  8 deep elf zephyrmancers
  9 deep elf pyromancers
  6 wolf spiders
  2 orc knights (Orc:2)
  A manticore (Lair:6)
  A salamander (Depths:3)
  3 cyclopes
  16 ugly things
  A will-o-the-wisp (Swamp:2)
  18 moths of wrath
  A stone giant skeleton (Crypt:1)
  A moth of wrath (shapeshifter) (Depths:1)
  6 black mambas
  An elephant (shapeshifter) (Vaults:5)
  12 vault sentinels
  5 torpor snails
  6 cane toads
  Maurice (D:9)
  A naga mage (Depths:2)
  A smoke demon (Gauntlet)
  Maggie (D:6)
  A dire elephant skeleton (Crypt:3)
  2 molten gargoyles (Volcano)
  2 komodo dragons
  A sea snake zombie (Crypt:2)
  2 demonic crawlers
  2 gargoyles
  2 freezing wraiths
  3 kobold demonologists
  11 yaktaurs
  A rime drake (Lair:4)
  A white draconian skeleton (Crypt:3)
  2 entropy weaver simulacra (IceCv)
  2 guardian mummies (Crypt:3)
  A polar bear (Vaults:1)
  5 tengu conjurers
  A harpy zombie (Crypt:3)
  A merfolk (shapeshifter) (Depths:2)
  4 trolls
  11 hornets
  Grinder (Sewer)
  3 bloated husks
  12 slime creatures
  3 tarantellas
  A queen bee (Spider:4)
  A hydra skeleton (Crypt:3)
  4 tyrant leeches
  A harpy skeleton (Crypt:3)
  4 nameless horrors
  7 blink frogs
  3 dream sheep (Lair:6)
  A jumping spider (shapeshifter) (D:15)
  12 culicivoras
  A spriggan (shapeshifter) (D:13)
  3 wyverns
  16 jumping spiders
  An air elemental (Elf:2)
  A wraith (D:12)
  A water elemental (Elf:2)
  3 fire bats
  35 yaks
  A vampire (D:12)
  2 basilisks
  A steam dragon (Lair:4)
  2 death yak simulacra (IceCv)
  2 vampire mosquitoes
  14 redbacks
  5 wargs
  An acid dragon (D:10)
  9 swamp worms
  A cane toad zombie (Crypt:1)
  7 water moccasins
  3 floating eyes
  2 black bears
  A swamp drake (Swamp:4)
  2 sky beasts
  11 orc warriors
  11 ogres
  17 wolves
  5 centaurs
  A phantom (D:5)
  5 boggarts (Vaults:1)
  A kobold brigand (Sewer)
  A vine stalker zombie (Crypt:2)
  9 bullfrogs
  4 scorpions
  2 cane toad simulacra (IceCv)
  An earth elemental (Elf:1)
  3 wights
  2 knights (Orc:1)
  An elephant simulacrum (IceCv)
  8 killer bees
  A polar bear zombie (Crypt:1)
  3 howler monkeys
  3 electric eels
  4 lava snakes (Volcano)
  A quasit (Sewer)
  15 orc priests
  9 hounds
  2 jellies
  An iguana (D:6)
  Natasha (thrice) (D:1)
  A boggart skeleton (Crypt:2)
  14 orc wizards
  A polar bear simulacrum (IceCv)
  2 mummies
  14 gnolls
  A howler monkey skeleton (Crypt:2)
  A river rat (D:5)
  9 adders
  A shadow imp (Sewer)
  A white imp (D:8)
  2 ufetubi
  4 dart slugs
  2 worms
  38 orcs
  16 endoplasms
  6 giant cockroaches
  14 goblins
  10 hobgoblins
  3 jackals (D:5)
  2 quokkas
  8 ball pythons
  15 bats
  3 frilled lizards
  2 giant cockroach zombies (Sewer)
  24 kobolds
  2 kobold zombies (Sewer)
  5 rats
1107 creatures vanquished.

Vanquished Creatures (collateral kills)
  A dread lich (Crypt:3)
  2 ancient liches
  Mara (Spider:3)
  Sojobo (Vaults:5)
  A royal mummy (Tomb:1)
  Boris (twice) (Crypt:3 Depths:2)
  Parghit (Zot:3)
  Saint Roka (D:12)
  3 curse toes
  3 golden dragons
  2 bone dragons (Depths:4)
  the Enchantress (Depths:1)
  A Brimstone Fiend (Zot:3)
  Jorgrun (Spider:1)
  3 Orb Guardians (Zot:5)
  6 tentacled monstrosities
  Mlioglotl (Spider:2)
  A deep elf blademaster (Elf:2)
  A titan (Vaults:5)
  A walking frostbound tome (Depths:2)
  Rupert (Orc:2)
  5 liches
  7 ancient champions
  3 death cobs
  5 sphinxes
  4 shadow dragons
  6 tengu reavers
  2 thorn hunters (Swamp:4)
  A revenant (Crypt:1)
  5 fire giants
  3 draconian knights
  2 draconian monks
  4 vault wardens
  6 storm dragons
  An iron dragon (Depths:4)
  8 frost giants
  4 draconian scorchers
  A draconian shifter (Depths:4)
  4 emperor scorpions
  Louise (Spider:4)
  Aizul (Spider:1)
  7 ghost moths
  An orc warlord (Vaults:4)
  2 spectral caustic shrikes (Depths:2)
  A draconian stormcaller (Depths:4)
  4 deep elf sorcerers (Elf:3)
  A spriggan defender (Depths:2)
  A broodmother (Spider:3)
  18 very ugly things
  9 ironbound preservers
  A ghoul (Crypt:1)
  2 caustic shrike zombies (Crypt:2)
  2 curse skulls
  A deep elf elementalist (Elf:3)
  A war gargoyle (Vaults:5)
  7 stone giants
  5 deep elf demonologists
  A reaper (Crypt:3)
  4 green draconians
  A rockslime zombie (Crypt:1)
  An eleionoma (Swamp:1)
  6 vampire knights
  2 bennus (Tomb:1)
  6 deep elf annihilators
  2 purple draconians
  2 spark wasps
  2 bunyips
  2 yellow draconians
  6 black draconians
  10 dire elephants
  8 white draconians
  A minotaur (Gauntlet)
  2 eidola
  2 red draconians
  6 deep elf death magi
  3 deep elf high priests
  5 ettins
  5 mummy priests
  8 jiangshi
  5 fire dragons
  3 great orbs of eyes (Vaults:3)
  11 yaktaur captains
  A shambling mangrove (Swamp:1)
  Fannar (Lair:2)
  14 hydras
  3 ice dragons
  A peacekeeper (Vaults:4)
  7 vault guards
  2 rakshasas
  4 boulder beetles
  A ghost crab (Swamp:1)
  A spriggan air mage (Depths:4)
  An ogre mage (D:12)
  4 radroaches
  2 death knights
  2 catoblepae (Lair:6)
  4 jorogumos
  A spriggan zombie (Crypt:2)
  2 spriggan skeletons (Crypt:3)
  A death yak (Lair:6)
  4 ironbound frosthearts
  7 alligators
  3 centaur warriors
  5 two-headed ogres
  7 deep troll shamans
  6 death scarabs
  A tengu warrior (D:15)
  3 vampire magi
  22 dancing weapons
  A titan zombie (Crypt:3)
  3 orc high priests (Orc:2)
  4 spriggan berserkers
  6 deep troll earth magi
  3 hell knights (Vaults:5)
  Sonja (Lair:3)
  8 deep elf knights
  21 skeletal warriors
  A salamander mystic (Depths:3)
  10 iron trolls
  3 pharaoh ants
  2 sea snakes (D:14)
  A ghost moth zombie (Crypt:3)
  A shadow wraith (Crypt:3)
  A bunyip zombie (Crypt:2)
  9 orb spiders
  A glowing orange brain (Depths:2)
  The ghost of gobodom the Reanimator, a novice DsNe of Sif Muna (D:8)
  5 goliath frogs
  3 flayed ghosts
  6 spriggan druids
  36 deep trolls
  5 deep elf archers
  5 steelbarb worms
  3 bog bodies
  5 swamp dragons
  3 wizards
  5 ironbound convokers
  4 phantasmal warriors
  4 orc knights
  16 deep elf pyromancers
  An iron dragon zombie (Tomb:1)
  4 necromancers
  6 deep elf zephyrmancers
  2 orc sorcerers
  7 moths of wrath
  13 wolf spiders
  2 manticores
  32 ugly things
  4 will-o-the-wisps
  A shadow dragon skeleton (Crypt:1)
  A frost giant zombie (Depths:2)
  A stone giant zombie (Crypt:3)
  A cyclops (D:14)
  3 black mambas
  3 ice statues (IceCv)
  A centaur zombie (Crypt:3)
  5 torpor snails
  9 vault sentinels
  A stone giant skeleton (Crypt:2)
  A cane toad (Lair:1)
  An unseen horror (D:10)
  7 rime drakes
  2 gargoyles
  An efreet (D:15)
  11 demonic crawlers
  A kobold demonologist (D:11)
  7 yaktaurs
  A tengu conjurer (D:14)
  4 freezing wraiths
  An anaconda simulacrum (Crypt:1)
  2 komodo dragons
  2 trolls
  A red devil (Gauntlet)
  2 harpy zombies (Crypt:1)
  A bloated husk (Swamp:1)
  12 guardian mummies
  16 hornets
  3 polar bears
  14 tarantellas
  6 meliai (Spider:4)
  A hydra skeleton (Crypt:3)
  A satyr zombie (Crypt:2)
  7 tyrant leeches
  15 slime creatures
  A dream sheep (Lair:6)
  2 spectral dream sheep (Gauntlet)
  6 blink frogs
  A snapping turtle (shapeshifter) (D:10)
  6 flying skulls (Tomb:1)
  12 spriggans
  20 jumping spiders
  2 ettin skeletons
  A black mamba zombie (Crypt:2)
  A wyvern (D:10)
  3 water elementals
  5 wraiths
  A shadow (D:12)
  12 yaks
  18 culicivoras
  2 vampires
  2 fire elementals
  3 ushabtiu (Tomb:1)
  A basilisk (D:13)
  A golden eye (shapeshifter) (Vaults:5)
  4 vampire mosquitoes
  26 redbacks
  10 swamp worms
  2 wargs
  A merfolk zombie (Crypt:3)
  A human skeleton (Depths:2)
  3 water moccasins
  A spectral torpor snail (Gauntlet)
  A black bear (D:6)
  An ice beast (D:6)
  3 swamp drakes (Swamp:4)
  11 orc warriors
  A lindwurm zombie (Crypt:2)
  4 wolves
  6 ogres
  5 centaurs (D:11)
  5 nameless horrors
  2 kobold brigands
  A bullfrog (Lair:5)
  2 gnoll sergeants (D:10)
  4 necrophages (Crypt:1)
  2 scorpions
  An earth elemental (Elf:1)
  A naga simulacrum (Crypt:3)
  3 wights (D:8)
  A raiju zombie (Crypt:3)
  19 killer bees
  A howler monkey (D:10)
  A troll skeleton (Crypt:3)
  2 electric eels
  A lava snake (Volcano)
  2 crimson imps (Gauntlet)
  A bullfrog skeleton (Crypt:3)
  14 orc priests
  11 orc wizards
  A boggart skeleton (Crypt:1)
  A naga skeleton (Crypt:1)
  13 mummies (Tomb:1)
  2 gnolls (D:10)
  14 orcs
  A bat zombie (Crypt:2)
  A ball python zombie (Crypt:3)
  2 bats (D:12)
  An endoplasm zombie (Crypt:3)
  A gnoll skeleton (Crypt:1)
  4 kobolds
  A kobold zombie (Crypt:1)
  3 briar patches (Swamp:4)
  A bush (Lair:3)
1079 creatures vanquished.

Vanquished Creatures (others)
  2 deep elf master archers (Elf:3)
  A bunyip (Swamp:3)
  A deep elf pyromancer (Elf:2)
  A vault sentinel (Vaults:3)
  A bloated husk (Swamp:3)
  2 blink frogs (Lair:5)
  A nameless horror (Swamp:3)
  A basilisk (Lair:5)
  4 humans (D:12)
  A kobold brigand (Sewer)
  An electric eel (D:8)
  34 knights
  A kobold (Sewer)
  A ball python (Sewer)
  A briar patch (Swamp:4)
  18 foxfires
  17 fungi
  34 plants
  2 starspawn tentacles (Spider:2)
  5 toadstools (Depths:3)
  13 withered plants (Gauntlet)
142 creatures vanquished.

Grand Total: 2328 creatures vanquished

Notes
Turn   | Place    | Note
-------+----------+-------------------------------------------
     0 | D:1      | Gorgondantess the Tengu Hedge Wizard began the quest for
                  | the Orb.
     0 | D:1      | Reached XP level 1. HP: 10/10 MP: 5/5
    52 | D:1      | Reached skill level 2 in Conjurations
   138 | D:1      | Found Lety's Armour Shop.
   160 | D:1      | Found a faded altar of an unknown god.
   280 | D:1      | Reached XP level 2. HP: 15/15 MP: 7/7
   347 | D:1      | Reached skill level 3 in Conjurations
   476 | D:1      | Learned a level 2 spell: Call Imp
   479 | D:1      | Learned a level 2 spell: Blink
   758 | D:1      | Reached XP level 3. HP: 15/19 MP: 8/8
   965 | D:2      | Noticed Natasha
   979 | D:1      | Killed Natasha
   980 | D:1      | Reached skill level 4 in Conjurations
   980 | D:1      | Reached skill level 1 in Translocations
  1035 | D:1      | Found Lety's Armour Shop.
  1038 | D:1      | Found a faded altar of an unknown god.
  1073 | D:1      | Noticed Natasha
  1079 | D:1      | Killed Natasha
  1080 | D:1      | Reached XP level 4. HP: 24/24 MP: 2/9
  1454 | D:1      | Noticed Natasha
  1462 | D:1      | Killed Natasha
  1519 | D:1      | Bought a +0 pair of gloves for 54 gold pieces
  1629 | D:2      | Reached skill level 5 in Conjurations
  1629 | D:2      | Gained mutation: Your magical nature lets you fly swiftly
                  | and evasively. [Tengu growth]
  1629 | D:2      | Reached XP level 5. HP: 28/28 MP: 11/11
  1651 | D:2      | Learned a level 3 spell: Mephitic Cloud
  2077 | D:2      | Reached skill level 1 in Air Magic
  2538 | D:3      | Identified the +9 dagger "Hecien" {vorpal, Dex+4}
  2624 | D:3      | Learned a level 3 spell: Conjure Flame
  2942 | D:3      | Noticed an ogre
  2949 | D:3      | Killed an ogre
  2950 | D:3      | Reached skill level 1 in Short Blades
  2950 | D:3      | Reached XP level 6. HP: 32/32 MP: 10/12
  3615 | D:4      | Reached skill level 1 in Armour
  3635 | D:4      | Noticed a black bear
  3639 | D:4      | Found a staircase to the Ecumenical Temple.
  3666 | D:4      | Killed a black bear
  3667 | D:4      | Reached XP level 7. HP: 25/36 MP: 13/13
  3707 | Temple   | Entered the Ecumenical Temple
  3757 | Temple   | Became a worshipper of Hepliaklqana the Forgotten
  3868 | D:4      | Found Huottyh's Assorted Antiques.
  3940 | D:4      | Found a burning altar of Makhleb.
  3945 | D:4      | Found an iron altar of Okawaru.
  3948 | D:4      | Found a stormy altar of Qazlal.
  3948 | D:4      | Found a glowing golden altar of the Shining One.
  3955 | D:4      | Found a sparkling altar of Nemelex Xobeh.
  4015 | D:4      | Reached skill level 6 in Conjurations
  4394 | D:5      | Entered Level 5 of the Dungeon
  4555 | D:5      | Found a glowing drain.
  4573 | Sewer    | Entered a sewer
  4745 | Sewer    | Found a burning altar of Makhleb.
  4754 | Sewer    | Noticed Grinder
  4811 | Sewer    | Killed Grinder
  4812 | Sewer    | Reached XP level 8. HP: 32/42 MP: 10/15
  4886 | Sewer    | Reached skill level 1 in Fighting
  4948 | Sewer    | Reached * piety under Hepliaklqana
  5386 | D:5      | Reached skill level 7 in Conjurations
  5541 | D:5      | Reached skill level 1 in Fire Magic
  5605 | D:5      | Identified the +2 robe "Cuhaplah" {*Corrode rF++ Int+6}
  5899 | D:4      | Bought a scroll labelled GUCRUO BOTHA for 26 gold pieces
  5899 | D:4      | Bought an inky potion for 23 gold pieces
  5899 | D:4      | Bought a fizzy inky potion for 23 gold pieces
  5899 | D:4      | Bought a sapphire potion for 23 gold pieces
  6055 | D:6      | You are sucked into a shaft and drop 3 floors!
  6074 | D:9      | Noticed Erolcha
  6107 | D:9      | Reached ** piety under Hepliaklqana
  6108 | D:9      | Remembered your ancestor Akiya as a knight
  6137 | D:9      | Killed Erolcha
  6138 | D:9      | Reached skill level 1 in Polearms
  6138 | D:9      | Reached XP level 9. HP: 43/43 MP: 13/17
  6369 | D:8      | Reached skill level 5 in Spellcasting
  6384 | D:8      | Reached skill level 8 in Conjurations
  6393 | D:8      | Reached skill level 5 in Summonings
  6433 | D:8      | Noticed a troll
  6442 | D:8      | Killed a troll
  6526 | D:7      | Found an opulent altar of Gozag.
  6693 | D:7      | Identified the ring "Qiroed" {rPois rF+ Will+ MP+9}
  7041 | D:6      | Noticed Maggie
  7052 | D:6      | Killed Maggie
  7053 | D:6      | Reached skill level 5 in Air Magic
  7053 | D:6      | Reached XP level 10. HP: 50/50 MP: 18/18
  7332 | D:7      | Noticed a two-headed ogre
  7344 | D:7      | Killed a two-headed ogre
  7345 | D:7      | Reached skill level 9 in Conjurations
  7351 | D:7      | Reached skill level 5 in Dodging
  7367 | D:7      | Identified the +0 leather armour of Ymmaesow {+Blink}
  7684 | D:8      | Found a transporter.
  7684 | D:8      | Noticed gobodom's ghost (novice DsNe)
  7685 | D:8      | Identified the +11 dire flail of Resumed Hostilities
                  | {venom, Str+7 Int+9 Dex-4}
  7685 | D:8      | Identified the +4 dire flail of the Goat {elec, rF+ rN+
                  | MP-9 Int+4}
  7685 | D:8      | Noticed a two-headed ogre
  7701 | D:8      | Found a transporter.
  7947 | D:8      | Found a staircase to the Lair.
  8093 | D:8      | Found a shadowy altar of Dithmenos.
  8127 | D:8      | Reached *** piety under Hepliaklqana
  8609 | D:8      | Found a blossoming altar of Fedhas.
  8787 | D:8      | Learned a level 2 spell: Passwall
  8904 | D:9      | Reached skill level 10 in Conjurations
  9086 | D:9      | Noticed Maurice
  9097 | D:9      | Killed Maurice
  9317 | D:10     | Entered Level 10 of the Dungeon
  9317 | D:10     | Found Joiga's Antique Armour Emporium.
  9321 | D:10     | Bought a glowing cloak for 225 gold pieces
  9337 | D:10     | Noticed a gargoyle
  9348 | D:10     | Killed a gargoyle
  9384 | D:10     | Reached **** piety under Hepliaklqana
  9427 | D:10     | Reached XP level 11. HP: 55/55 MP: 20/20
  9563 | D:10     | Noticed a two-headed ogre
  9572 | D:10     | Killed a two-headed ogre
  9572 | D:10     | Noticed a centaur warrior
  9573 | D:10     | Reached skill level 5 in Fighting
  9579 | D:10     | Killed a centaur warrior
  9582 | D:10     | Noticed a steelbarb worm
  9583 | D:10     | Reached skill level 11 in Conjurations
  9677 | D:10     | Noticed a centaur warrior
  9690 | D:10     | Killed a centaur warrior
  9750 | D:10     | Noticed a centaur warrior
  9760 | D:10     | Killed a centaur warrior
  9960 | D:10     | Bought an embroidered hat for 210 gold pieces
 10183 | D:10     | Found a sacrificial altar of Ru.
 10536 | D:10     | Learned a level 5 spell: Summon Mana Viper
 10698 | D:11     | Noticed a two-headed ogre
 10710 | D:11     | Noticed a boulder beetle
 10712 | D:11     | Killed a two-headed ogre
 10844 | D:11     | Reached skill level 12 in Conjurations
 10848 | D:11     | Reached XP level 12. HP: 45/63 MP: 14/22
 10851 | D:11     | Reached skill level 1 in Hexes
 10877 | D:11     | Killed a boulder beetle
 10878 | D:11     | Reached skill level 10 in Summonings
 11115 | D:11     | Noticed a soul eater
 11482 | D:12     | Reached ***** piety under Hepliaklqana
 11538 | D:12     | Noticed Kirke
 11548 | D:12     | Killed Kirke
 11582 | D:12     | Noticed a two-headed ogre
 11585 | D:12     | Noticed an ogre mage
 11589 | D:12     | Noticed a two-headed ogre
 11590 | D:12     | Killed a two-headed ogre
 11591 | D:12     | Noticed a two-headed ogre
 11598 | D:12     | Killed an ogre mage
 11602 | D:12     | Killed a two-headed ogre
 11614 | D:12     | Killed a two-headed ogre
 11777 | D:12     | Noticed Lodul
 11799 | D:12     | Killed Lodul
 11876 | D:12     | Found a runed translucent door.
 11943 | D:12     | Found a white marble altar of Elyvilon.
 11968 | D:12     | Found a hazy altar of Hepliaklqana.
 11983 | D:12     | Found a glowing silver altar of Zin.
 12034 | D:12     | Found a radiant altar of Vehumet.
 12042 | D:12     | Found a glowing silver altar of Zin.
 12073 | D:12     | Found a sacrificial altar of Ru.
 12259 | D:12     | Noticed Snorg
 12271 | D:12     | Killed Snorg
 12272 | D:12     | Reached skill level 13 in Conjurations
 12272 | D:12     | Reached XP level 13. HP: 52/70 MP: 25/25
 12550 | D:12     | Found a staircase to the Orcish Mines.
 12789 | Orc:1    | Entered Level 1 of the Orcish Mines
 12918 | Orc:1    | Found a frozen archway.
 12927 | IceCv    | Entered an ice cave
 13034 | IceCv    | Identified the +1 leather armour of Stoicism {MP+9}
 13189 | IceCv    | Reached skill level 5 in Armour
 13337 | IceCv    | Learned a level 4 spell: Flame Wave
 13424 | Orc:1    | Found Veog's Book Shop.
 13652 | Orc:2    | Entered Level 2 of the Orcish Mines
 13667 | Orc:2    | Noticed Donald
 13725 | Orc:2    | Killed Donald
 13791 | Orc:2    | Noticed Saint Roka
 14208 | Lair:1   | Entered Level 1 of the Lair of Beasts
 14493 | Lair:1   | Identified the +5 dagger "Giogias" {vamp, +Blink SInv}
 14784 | Lair:1   | Identified the +3 leather armour "Emaleuxt" {rElec rPois
                  | rF- Str+3}
 14811 | Lair:1   | You are sucked into a shaft and drop 1 floor!
 15167 | Lair:2   | Reached ****** piety under Hepliaklqana
 16548 | Lair:2   | Noticed Fannar
 16629 | Lair:2   | Killed Fannar
 16764 | Lair:3   | Reached skill level 5 in Stealth
 16944 | Lair:3   | Found a hole to the Spider Nest.
 16997 | Lair:3   | Noticed Sonja
 17001 | Lair:3   | Killed Sonja
 17002 | Lair:3   | Reached XP level 14. HP: 75/75 MP: 27/27
 17103 | Lair:3   | Got the Volume of Called Terrain
 17265 | Lair:3   | Got Voghyfoe's Precepts of Stormy Venom
 17780 | Lair:3   | Reached skill level 14 in Conjurations
 17790 | Lair:3   | Found a staircase to the Swamp.
 18257 | Lair:4   | Identified the +6 long sword of Ambiguity {freeze, rElec
                  | rF+ rC-}
 18526 | Lair:4   | Identified a scroll of acquirement
 18527 | Lair:4   | Acquired a staff of conjuration
 19111 | Lair:5   | Reached skill level 1 in Long Blades
 19184 | Lair:5   | Found a staircase to the Slime Pits.
 19778 | Lair:6   | Entered Level 6 of the Lair of Beasts
 19833 | Lair:6   | Found a dark tunnel.
 19843 | Volcano  | Entered a volcano
 20012 | Volcano  | Found a bloodstained altar of Trog.
 20016 | Volcano  | Reached skill level 1 in Evocations
 20037 | Volcano  | Noticed a red draconian
 20052 | Volcano  | Killed a red draconian
 20375 | Lair:6   | Reached skill level 10 in Dodging
 20642 | Lair:6   | Found a snail-covered altar of Cheibriados.
 20917 | Lair:6   | Reached XP level 15. HP: 77/81 MP: 29/29
 21334 | Lair:6   | Reached skill level 15 in Summonings
 21539 | Lair:6   | Reached skill level 10 in Spellcasting
 22099 | Orc:1    | Found Veog's Book Shop.
 22224 | D:12     | Learned a level 7 spell: Monstrous Menagerie
 22282 | D:12     | Killed Saint Roka
 22404 | Orc:2    | Reached skill level 10 in Fighting
 22626 | Orc:2    | Found Kytid's Weapon Boutique.
 22626 | Orc:2    | Found Vakas's Assorted Antiques.
 22626 | Orc:2    | Found Pemi's Armour Boutique.
 22646 | Orc:2    | Found Yliss's Book Shop.
 22656 | Orc:2    | Bought the +2 cloak of the Slorg {rElec rCorr Int-2} for
                  | 358 gold pieces
 22674 | Orc:2    | Found a staircase to the Elven Halls.
 22757 | Orc:2    | Noticed Rupert
 22767 | Orc:2    | Killed Rupert
 22785 | Orc:2    | Found a burning altar of Makhleb.
 23503 | D:8      | Killed gobodom's ghost
 23543 | D:8      | Upgraded the game from 0.29-a0-813-g4a14ea37d6 to
                  | 0.29-a0-821-g66395355a5
 23614 | D:10     | Bought a pair of embroidered gloves for 225 gold pieces
 23848 | Orc:2    | Bought a manual of Maces & Flails for 880 gold pieces
 24046 | Lair:1   | Learned a level 7 spell: Summon Hydra
 24144 | Spider:1 | Entered Level 1 of the Spider Nest
 24276 | Spider:1 | Reached skill level 1 in Maces & Flails
 24425 | Spider:1 | Noticed Aizul
 24425 | Spider:1 | Noticed Jorgrun
 24437 | Spider:1 | Killed Aizul
 24439 | Spider:1 | Killed Jorgrun
 24926 | Spider:1 | Reached skill level 5 in Evocations
 24972 | Spider:1 | Noticed a ghost moth
 24979 | Spider:1 | Killed a ghost moth
 24980 | Spider:1 | Reached XP level 16. HP: 71/89 MP: 0/32
 25426 | Spider:1 | Identified the +4 robe of Dishonour {rC- Str+2 Dex+7 SInv}
 25430 | Spider:1 | Identified the -2 robe "Cielish" {rPois}
 25501 | Spider:2 | Reached skill level 1 in Invocations
 25649 | Spider:2 | Identified the ring "Kaakouq" {Fly rC+}
 25705 | Spider:2 | Reached skill level 5 in Maces & Flails
 26473 | Spider:3 | Noticed Mlioglotl
 26644 | Spider:2 | Noticed a tentacled starspawn
 26646 | Spider:2 | Killed Mlioglotl
 28063 | Spider:4 | Entered Level 4 of the Spider Nest
 28077 | Spider:3 | Upgraded the game from 0.29-a0-821-g66395355a5 to
                  | 0.29-a0-823-gc37b1572da
 28234 | Spider:4 | Noticed Louise
 28249 | Spider:4 | Killed Louise
 28437 | Spider:4 | Noticed Mara
 28446 | Spider:4 | Noticed Gorgondantess's illusion
 28586 | Spider:4 | Noticed Gorgondantess's illusion
 28771 | Spider:3 | Noticed Gorgondantess's illusion
 28808 | Spider:4 | Reached XP level 17. HP: 93/93 MP: 30/34
 28986 | Spider:4 | Identified the +1 scale mail "Kaesutip" {rN+ Will+}
 30407 | Spider:4 | Got a gossamer rune of Zot
 30542 | Spider:3 | Killed Mara
 31553 | D:14     | Found a runed translucent gate.
 31553 | D:14     | Found a runed translucent gate.
 31553 | D:14     | Found a runed translucent gate.
 31558 | D:14     | Found a runed translucent door.
 31558 | D:14     | Found a runed translucent door.
 31586 | D:14     | Found the +9 staff of Olgreb {rPois∞}
 31848 | D:14     | Found a gate to the Vaults.
 32286 | D:14     | Found a broken altar of Ashenzari.
 32582 | D:14     | Reached skill level 5 in Invocations
 32869 | D:15     | Entered Level 15 of the Dungeon
 32879 | D:15     | Got the Volume of Gusts
 32886 | D:15     | Learned a level 5 spell: Lightning Bolt
 32890 | D:15     | Learned a level 3 spell: Swiftness
 32895 | D:15     | Found a gate leading to a gauntlet.
 32913 | D:15     | Reached XP level 18. HP: 100/100 MP: 9/36
 32931 | Gauntlet | Entered a Gauntlet
 32931 | Gauntlet | Found a transporter.
 32931 | Gauntlet | Found a transporter.
 32931 | Gauntlet | Found a transporter.
 32933 | Gauntlet | Found a transporter.
 32935 | Gauntlet | Found a transporter.
 32935 | Gauntlet | Found a transporter.
 32991 | Gauntlet | Found a transporter.
 32991 | Gauntlet | Found a transporter.
 33005 | Gauntlet | Found a transporter.
 33041 | Gauntlet | Found a transporter.
 33041 | Gauntlet | Found a transporter.
 33111 | Gauntlet | Found a transporter.
 33238 | Gauntlet | Reached skill level 10 in Maces & Flails
 33333 | Gauntlet | Identified the amulet of Fragile Peace {Reflect rN+ SH+5}
 33498 | D:15     | Found a burning altar of Makhleb.
 33764 | D:15     | Reached skill level 1 in Shields
 34129 | D:15     | Found a staircase to the Depths.
 34482 | Depths:1 | Entered Level 1 of the Depths
 34943 | Vaults:1 | Entered Level 1 of the Vaults
 35070 | Vaults:1 | Found Zigh's Assorted Antiques.
 35075 | Vaults:1 | Bought a sparkling steel amulet for 190 gold pieces
 35075 | Vaults:1 | Identified the amulet "Veenig" {RegenMP Harm *Slow +Blink
                  | Int-2} (You bought it in a shop on level 1 of the Vaults)
 35075 | Vaults:1 | Bought a potion of heal wounds for 190 gold pieces
 35266 | Vaults:1 | Identified the +5 shortbow of the Sheltering Gods {speed,
                  | rElec rCorr Int-4 SInv}
 35520 | Vaults:1 | Identified the ring "Ilelodwe" {Will+ Int+6}
 36552 | Vaults:2 | Upgraded the game from 0.29-a0-823-gc37b1572da to
                  | 0.29-a0-824-gd827844252
 36571 | Vaults:2 | Reached skill level 15 in Conjurations
 36860 | Vaults:2 | Found a runed translucent door.
 36860 | Vaults:2 | Noticed Jeirass's ghost (legendary FoFi)
 37379 | Vaults:2 | Reached XP level 19. HP: 105/105 MP: 38/38
 37603 | Vaults:2 | Found Vattig's Weapon Boutique.
 37698 | Vaults:2 | Found a staircase to the Crypt.
 37698 | Vaults:2 | Found an ancient bone altar of Kikubaaqudgha.
 37699 | Vaults:2 | Found a basalt altar of Yredelemnul.
 38146 | Vaults:2 | Reached skill level 5 in Shields
 38926 | Lair:1   | Learned a level 7 spell: Spellforged Servitor
 39000 | Swamp:1  | Entered Level 1 of the Swamp
 40166 | Swamp:2  | Reached skill level 10 in Air Magic
 41153 | Swamp:4  | Entered Level 4 of the Swamp
 41401 | Swamp:4  | Reached XP level 20. HP: 111/111 MP: 23/39
 41792 | Swamp:4  | Got a decaying rune of Zot
 41895 | Swamp:4  | Identified the +1 scale mail "Patakh" {rC+ Str-2 Int+4
                  | Slay+2}
 42614 | Elf:1    | Entered Level 1 of the Elven Halls
 44134 | Elf:2    | Reached skill level 16 in Conjurations
 44447 | Elf:2    | Noticed Roxanne
 44465 | Elf:2    | Killed Roxanne
 44546 | Elf:2    | Found a runed translucent gate.
 44547 | Elf:2    | Found a runed translucent gate.
 44548 | Elf:2    | Found a runed translucent gate.
 45620 | Elf:3    | Entered Level 3 of the Elven Halls
 45634 | Elf:3    | Identified the +9 falchion of Slow Death {vorpal, rPois
                  | Dex+5}
 46170 | Elf:3    | Reached skill level 15 in Spellcasting
 46285 | Elf:3    | Acquired the ring "Jinadar" {rElec rCorr Int+2 Dex+6}
 46371 | Elf:3    | Identified the +9 flail of Jivado {vorpal, rPois rF- SInv}
 46568 | Elf:3    | Reached XP level 21. HP: 103/116 MP: 25/41
 46673 | Elf:3    | Identified the amulet "Uminuker" {Acrobat Dex+6}
 46686 | Elf:3    | Identified the +1 chain mail of Xoczor {Dex+8}
 46741 | Elf:3    | Identified the +0 leather armour "Omupt" {Fly rElec}
 46741 | Elf:3    | Found the ring of the Octopus King {rN+ HP+2 AC+2 EV+2
                  | SH+2}
 47155 | Elf:3    | Identified the +8 plate armour of Refuge {Str+4 Dex+2}
 47318 | Elf:3    | Identified the amulet "Xiamn" {Reflect rC++ Will- rCorr
                  | Str-3 SH+5}
 47556 | Elf:3    | Got Iroupsac's Vellum of the Mortuary and the Lithosphere
 47614 | Elf:3    | Got the Folio of the Spellbinding Pyromaniac
 47617 | Elf:3    | Got Ryziphit's Book of Generative Displacement
 47699 | Elf:3    | Learned a level 2 spell: Searing Ray
 47706 | Elf:3    | Learned a level 6 spell: Starburst
 48172 | Crypt:1  | Entered Level 1 of the Crypt
 48637 | Crypt:1  | Reached skill level 5 in Fire Magic
 49298 | Crypt:1  | Reached skill level 17 in Conjurations
 49838 | Crypt:2  | Identified the +1 leather armour "Xetu" {rC++ Str+2 Slay+3}
 50086 | Crypt:2  | Found a glowing golden altar of the Shining One.
 50704 | Crypt:2  | Found a burning altar of Makhleb.
 50809 | Crypt:3  | Entered Level 3 of the Crypt
 51162 | Crypt:3  | Reached skill level 18 in Conjurations
 51379 | Crypt:3  | Reached XP level 22. HP: 115/122 MP: 32/42
 51626 | Crypt:3  | Noticed a curse toe
 51640 | Crypt:3  | Killed a curse toe
 51646 | Crypt:3  | Identified the +2 whip of Ghostly Conscience {speed, Str+3}
 51646 | Crypt:3  | Noticed Boris
 52499 | Crypt:3  | Killed Boris
 52766 | Crypt:3  | Found a staircase to the Tomb.
 52870 | Crypt:3  | Identified the ring of the Charmed Eggfruit {+Blink rElec
                  | rN+ rCorr}
 52928 | Crypt:3  | Identified the ring of Extomm {rElec rN+}
 53017 | Crypt:3  | Noticed a curse toe
 53028 | Crypt:3  | Killed a curse toe
 53163 | Crypt:3  | Noticed an ancient lich
 53163 | Crypt:3  | Noticed a dread lich
 53175 | Crypt:3  | Noticed a dread lich
 53635 | Crypt:3  | Killed a dread lich
 53636 | Crypt:3  | Reached skill level 1 in Necromancy
 53837 | Crypt:3  | Killed an ancient lich
 54005 | Crypt:3  | Killed a dread lich
 54114 | Crypt:3  | Identified the -1 pair of gloves "Bucloec" {Rampage Str-3
                  | Int+5}
 54117 | Crypt:3  | Got the Omnibus of Harmful Metal
 54120 | Crypt:3  | Got the Precepts of Sculpting and Charms
 54123 | Crypt:3  | Identified the ring "Mobuejuv" {rN+ Int+4}
 54132 | Crypt:3  | Identified the +10 mace of Efaniq {pain, rPois}
 54642 | Vaults:3 | Reached skill level 19 in Conjurations
 54939 | Vaults:3 | Found Hoximaag's Antique Armour Shop.
 54955 | Vaults:3 | Reached skill level 10 in Fire Magic
 54982 | Vaults:3 | Reached skill level 1 in Earth Magic
 55044 | Vaults:3 | Bought an embroidered hat for 252 gold pieces
 55173 | Vaults:3 | Found Jeodot's Antique Armour Boutique.
 55182 | Vaults:3 | Bought a glimmering scale mail for 189 gold pieces
 55182 | Vaults:3 | Identified the +0 scale mail of Ethrute {Str+2} (You bought
                  | it in a shop on level 3 of the Vaults)
 55207 | Vaults:3 | Reached skill level 10 in Shields
 55500 | Vaults:2 | Learned a level 5 spell: Borgnjor's Vile Clutch
 55908 | Vaults:3 | Found Qeocettaumm's Antique Armour Emporium.
 56526 | Vaults:3 | Reached XP level 23. HP: 126/126 MP: 43/43
 56547 | Vaults:3 | Reached skill level 5 in Necromancy
 56688 | Vaults:3 | Found Isac's Magic Scroll Shoppe.
 56997 | Vaults:4 | Upgraded the game from 0.29-a0-824-gd827844252 to
                  | 0.29-a0-834-g1e95ca9f62
 57242 | Vaults:4 | Identified the +1 helmet "Kimego" {Rampage rPois Int+3}
 58766 | Depths:1 | Found a one-way gate to the infinite horrors of the Abyss.
 59004 | Depths:1 | Noticed the Enchantress
 59025 | Depths:1 | Killed the Enchantress
 59290 | Depths:1 | Found a gateway to Hell.
 59375 | Depths:1 | Found a hazy altar of Hepliaklqana.
 59818 | Depths:2 | Reached skill level 20 in Conjurations
 59992 | Depths:2 | Identified the +1 robe of the Valley {Rampage +Inv}
 60015 | Depths:2 | Noticed a juggernaut
 60039 | Depths:2 | Killed a juggernaut
 60391 | Depths:2 | Found a radiant altar of Vehumet.
 60441 | Depths:2 | Identified the +0 hat of the Armadillo {Harm *Corrode rPois
                  | Int+7}
 60936 | Depths:2 | Identified the +5 arbalest of Parts Unknown {freeze, rF+}
 61168 | Depths:2 | Reached XP level 24. HP: 132/133 MP: 44/44
 61252 | Depths:3 | Noticed Boris
 61358 | Depths:2 | Killed Boris
 61497 | Depths:3 | Found a one-way gateway to a ziggurat.
 61940 | Depths:3 | Reached skill level 5 in Earth Magic
 62722 | Depths:3 | Upgraded the game from 0.29-a0-834-g1e95ca9f62 to
                  | 0.29-a0-838-g385bb11a5b
 62835 | Depths:4 | Entered Level 4 of the Depths
 62922 | Depths:4 | Reached skill level 15 in Fire Magic
 63470 | Depths:4 | Upgraded the game from 0.29-a0-838-g385bb11a5b to
                  | 0.29-a0-870-g2c972031a6
 63574 | Depths:4 | Reached skill level 10 in Necromancy
 64353 | Depths:4 | Found a gate to the Realm of Zot.
 64428 | Depths:3 | Reached XP level 25. HP: 131/136 MP: 37/44
 64749 | Depths:2 | Found a one-way gate leading to the halls of Pandemonium.
 65124 | D:14     | Upgraded the game from 0.29-a0-870-g2c972031a6 to
                  | 0.29-a0-892-g2c4c91d9db
 65381 | Tomb:1   | Entered Level 1 of the Tomb of the Ancients
 65827 | Tomb:1   | Noticed a royal mummy
 65838 | Tomb:1   | Killed a royal mummy
 66949 | Lair:1   | Learned a level 8 spell: Ignition
 67194 | Vaults:5 | Entered Level 5 of the Vaults
 67215 | Vaults:5 | Noticed an ancient lich
 67231 | Vaults:4 | HP: 3/133 [fire giant/bolt of fire (33)]
 67789 | Vaults:5 | Identified the +5 great mace "Ecwimiut" {vorpal, rF++
                  | Str+4}
 67831 | Vaults:4 | Killed an ancient lich
 68444 | Vaults:5 | Identified the +5 war axe of Seucloyk {protect, Stlth+}
 68812 | Vaults:5 | Noticed Sojobo
 68815 | Vaults:5 | Identified the +6 halberd of Desperation {vorpal, Drain
                  | rPois rCorr}
 68824 | Vaults:5 | Killed Sojobo
 68843 | Vaults:5 | Identified the +9 sling of the Pyrrhic Victory {vorpal,
                  | rF++ rN+ Will- Int+2}
 69172 | Vaults:5 | Reached XP level 26. HP: 141/142 MP: 36/44
 69251 | Vaults:5 | Got a silver rune of Zot
 69257 | Vaults:5 | Identified the +0 ring mail "Vocesu" {rF+ Str+2}
 69471 | Vaults:5 | Identified the +3 plate armour of Kapraanuse {Will+ Regen+
                  | Str-5}
 69473 | Vaults:5 | Identified the +5 hand axe of the Middle {venom, rC+ rCorr
                  | Dex-4}
 69637 | Vaults:5 | Reached skill level 15 in Air Magic
 70060 | Vaults:5 | Identified the +2 pair of boots of Mach {Str-2 Int+3 Dex+4
                  | Stlth+}
 70062 | Vaults:5 | Identified the +6 chain mail "Lucwiuru" {Regen+}
 70340 | Vaults:5 | Identified the +2 leather armour of the Stars {rPois Dex+4}
 70410 | Vaults:5 | Identified the +8 chain mail of Compassion {rC+ Will+}
 70411 | Vaults:5 | Identified the +0 chain mail of Exclusion {rElec rC+ rN+
                  | Int+4}
 70851 | Zot:1    | Entered Level 1 of the Realm of Zot
 71139 | Zot:1    | Identified the +3 shortbow of the Baking Sybil {freeze,
                  | MP+9 Stlth+}
 71840 | Zot:1    | Found the dreamshard necklace {*Dream Drain}
 72502 | Zot:2    | Identified the +10 halberd of Cousi {vamp, Will+++ MP-9
                  | Int+3 SInv}
 72571 | Zot:2    | Gained mutation: You are clumsy. (Dex -2) [mutagenic glow]
 72583 | Zot:2    | Gained mutation: You are dopey. (Int -2) [mutagenic glow]
 72610 | Zot:2    | Gained mutation: You have hidden genetic defects.
                  | [mutagenic glow]
 72997 | Lair:1   | Lost mutation: You have hidden genetic defects. [potion of
                  | mutation]
 72997 | Lair:1   | Lost mutation: You are clumsy. (Dex -2) [potion of
                  | mutation]
 72997 | Lair:1   | Gained mutation: You occasionally shout uncontrollably at
                  | your foes. [potion of mutation]
 72997 | Lair:1   | Gained mutation: Your muscles are strong. (Str +4, Int/Dex
                  | -1) [potion of mutation]
 72997 | Lair:1   | Gained mutation: Your spells are a little easier to cast,
                  | but a little less powerful. [potion of mutation]
 72998 | Lair:1   | Lost mutation: You are dopey. (Int -2) [potion of mutation]
 72998 | Lair:1   | Lost mutation: Your muscles are strong. (Str +4, Int/Dex
                  | -1) [potion of mutation]
 72998 | Lair:1   | Lost mutation: You occasionally shout uncontrollably at
                  | your foes. [potion of mutation]
 72998 | Lair:1   | Gained mutation: You are dopey. (Int -2) [potion of
                  | mutation]
 72998 | Lair:1   | Lost mutation: You are dopey. (Int -2) [potion of mutation]
 72998 | Lair:1   | Gained mutation: Your mind is acute. (Int +4, Str/Dex -1)
                  | [potion of mutation]
 72999 | Lair:1   | Lost mutation: Your mind is acute. (Int +4, Str/Dex -1)
                  | [potion of mutation]
 72999 | Lair:1   | Lost mutation: Your spells are a little easier to cast, but
                  | a little less powerful. [potion of mutation]
 72999 | Lair:1   | Gained mutation: You are partially covered in large bone
                  | plates. (SH +4) [potion of mutation]
 72999 | Lair:1   | Gained mutation: You are partially covered in iridescent
                  | scales. (AC +2) [potion of mutation]
 72999 | Lair:1   | Gained mutation: Your muscles are strong. (Str +4, Int/Dex
                  | -1) [potion of mutation]
 74221 | Zot:3    | Noticed a dread lich
 74221 | Zot:3    | Noticed an ancient lich
 74221 | Zot:3    | Found a transporter.
 74224 | Zot:3    | Found a radiant altar of Vehumet.
 74265 | Zot:3    | Reached skill level 21 in Conjurations
 74758 | Zot:3    | Found the +3 salamander hide armour {Flames rF++ rC--}
 74760 | Zot:3    | Noticed a dread lich
 74769 | Zot:3    | Noticed Parghit
 74785 | Zot:3    | Killed Parghit
 74803 | Zot:3    | HP: 2/141 [Brimstone Fiend/damnation[a Zot trap] (47)]
 76268 | Zot:5    | Entered Level 5 of the Realm of Zot
 76899 | Zot:5    | Reached XP level 27. HP: 145/146 MP: 19/45
 77360 | Zot:5    | Noticed an orb of fire
 77362 | Zot:5    | Noticed an orb of fire
 77363 | Zot:5    | Noticed an orb of fire
 77365 | Zot:5    | Noticed an orb of fire
 77367 | Zot:5    | Noticed an orb of fire
 77367 | Zot:5    | Noticed a dread lich
 77368 | Zot:5    | Gained mutation: You do not regenerate when monsters are
                  | visible. [an orb of fire]
 77371 | Zot:5    | Gained mutation: You are dopey. (Int -2) [an orb of fire]
 77374 | Zot:5    | HP: 7/145 [orb of fire/bolt of fire (20)]
 77374 | Zot:5    | Killed from afar by an orb of fire

Illustrated notes

Levels and vault maps discovered:
D:1:      enne_arrival_octagon_isle, layout_basic, serial_shops,
          nicolae_shop_waterfront,
          hellmonk_ecumenical_altar_pennies_from_heaven,
          minmay_misc_feat_columns, minmay_pentomino_w4
D:2:      layout_loops_ring, uniq_natasha
D:3:      layout_rooms, minmay_ogre_servants
D:4:      layout_basic, nicolae_overflow_hallway_of_the_gods,
          minmay_temple_entry_stoned_glass, serial_shops,
          nicolae_shop_waterfront
D:5:      layout_basic, gup_sewer_entry_bubbles
D:6:      layout_loops_ring, uniq_maggie
D:7:      layout_gridville, mainiacjoe_overflow_cross_hatched, serial_glass,
          glass_columns_a, glass_columns_b, item_on_display_a,
          item_on_display_a, item_on_display_b, due_unseen_surprise
D:8:      layout_basic, lemuel_doored_altar, nicolae_overflow_hidden_temple,
          nicolae_dithmenos_the_darkroom, erik_lair_island,
          gammafunk_ghost_smash, serial_bayou_crossing
D:9:      layout_small_grid, uniq_maurice, uniq_erolcha
D:10:     minmay_bloctagon, layout_stronghold, nicolae_ru_awakened_eye,
          serial_shops, shop, item_on_display_a
D:11:     layout_cave_pools
D:12:     due_megacathedral, layout_gridville, minmay_orc_entry_guard_dogs,
          uniq_snorg, uniq_kirke, uniq_lodul
D:13:     layout_cross
D:14:     layout_roguey, grunt_vaults_entry_fortified,
          ashenzari_conservatory_becter, minmay_guarded_unrand_staff_of_olgreb
D:15:     grunt_enter_depths_snipers, layout_basic, grunt_decor_mini_mirrors,
          gauntlet_entry_generic, makhleb_altar_promises_db
Temple:   nicolae_temple_godzebo
Lair:1:   layout_layer_cave, grunt_megastairs_5, serial_bayou_shore_a
Lair:2:   dpeg_oklob_gauntlet, layout_regular_city,
          eino_small_chamber_without_monster, uniq_fannar
Lair:3:   layout_concentric_octagons, palyth_hydra_swamp_entry,
          nicolae_spider_entry_tight_spaces, minmay_hedge_maze,
          serial_bayou_shore_b, uniq_sonja
Lair:4:   nzn_winding_woodlands_small [nzn_winding_woodlands_5x15_default,
          nzn_winding_woodlands_center_diamonds,
          nzn_winding_woodlands_5x15_eye], layout_gridlike, st_stairs_10,
          serial_bayou_shore_b
Lair:5:   layout_loops_ring, nicolae_slime_entry_slimehenge, minivault_25,
          chequers_serial_rivers_small_b, grunt_megastairs_3
Lair:6:   evilmike_catoblepas_cave, layout_cave_shapes,
          nicolae_volcano_entry_two_sided, kennysheep_snail_temple,
          serial_bayou_shore_b
Swamp:1:  layout_falls_marsh, nicolae_swamp_very_dense_foliage
Swamp:2:  layout_basic_swamp, evilmike_swamp_ruin_house_3
Swamp:3:  layout_basic_swamp, evilmike_swamp_ruin_house_6
Swamp:4:  swamp_alternative, layout_basic_swamp
Spider:1: layout_spider_delve, drop_trap, hellmonk_motheaten_closet, uniq_aizul,
          uniq_jorgrun
Spider:2: layout_spider_delve
Spider:3: layout_spider_delve, nicolae_spider_nook, uniq_mlioglotl
Spider:4: spider_rune_water, special_room [special_room_bee], uniq_mara,
          uniq_louise
Orc:1:    layout_caves, serial_shops, nicolae_shop_stone,
          portal_ice_cave_entry_pillars_2
Orc:2:    st_orc_mages, layout_caves, basic_altar, minmay_orc_temple_b,
          uniq_donald, uniq_saint_roka, uniq_rupert
Elf:1:    eino_elf_arrival_the_gate, layout_onion_city, minivault_28
Elf:2:    elven_hall_of_blades_hangedman_original
          [nicolae_blade_entry_diamond_columns], layout_gridlike, uniq_roxanne
Elf:3:    grunt_elf_hall_branching, layout_geoelf_diagonals
Vaults:1: serial_ice_b, hangedman_vaults_nodes, hangedman_vaults_river_flow,
          nicolae_vaults_mini_display_case, ontoclasm_vaults_claustrophobia,
          hangedman_vaults_capsules, ontoclasm_vaults_decontamination,
          nicolae_vaults_bisected_slash, v_alt_pattern_1,
          nicolae_vaults_network_quinsquares
          [nicolae_vaults_network_quincunx_subvault,
          nicolae_vaults_network_quincunx_subvault,
          nicolae_vaults_network_quincunx_subvault,
          nicolae_vaults_network_quincunx_subvault],
          ontoclasm_vaults_misaligned, layout_vaults_omnicross, serial_shops,
          nicolae_shop_waterfront
Vaults:2: gammafunk_ghost_grave, minmay_crypt_entry_necro_gods,
          nicolae_vaults_c_with_doors, v_rooms_5, v_alt_pattern_5,
          grunt_vaults_twisty, hangedman_vaults_maws, v_misc_4,
          nicolae_vaults_alarming, vaults_dpeg_diagonal,
          nicolae_vaults_little_squares_3, nicolae_vaults_diagonal_hallway_9,
          vaults_dpeg_ring, nicolae_vaults_asterisk, layout_vaults_omnigrid,
          serial_shops, shop
Vaults:3: st_star, ontoclasm_vaults_ligature, v_misc_11, ontoclasm_vaults_pinch,
          v_misc_18, v_alt_pattern_1, dpeg_vaults_monster_box, vaults_room_grid,
          v_rooms_4, v_misc_5, nicolae_vaults_twisting_passages,
          vaults_dpeg_encased_lava, layout_vaults_maze_snakey, serial_shops,
          nicolae_diamond_shop, shop, nicolae_shop_overgrown_old_shop,
          nicolae_square_shop
Vaults:4: v_misc_29, grunt_vaults_focal, grunt_vaults_bifocal,
          vaults_room_pools, ontoclasm_vaults_spin, ontoclasm_vaults_eye,
          ontoclasm_vaults_ring_small, vaults_room_ringed_pool,
          vaults_room_fancy_cross, ontoclasm_vaults_ring_small,
          ontoclasm_vaults_shuriken, layout_vaults_ring
Vaults:5: uniq_sojobo
Crypt:1:  layout_chaotic_city, grunt_megastairs_1, grunt_crypt_arrival_webbed
Crypt:2:  layout_misc_corridors, st_stairs_11, nzn_life_drinkers
Crypt:3:  david_glass_crypt, layout_rooms, tomb_entry_sphere_bobbens, uniq_boris
Tomb:1
Depths:1: layout_roguey, chequers_serial_rivers_small_a,
          grunt_hell_entry_dis_grunt, nicolae_abyss_entry_one_way_or_another,
          worldfamousw_hep_ancestral_shrine, uniq_enchantress
Depths:2: evilmike_marble_ring, layout_honeycomb, rand_demon_pan_entry_7,
          pf_hell_entry_tar_river, grunt_tower_of_power
Depths:3: cheibrodos_salmonella, layout_cave_shapes, enter_ziggurat_e,
          hell_entry, hangedman_abyss_entry_splay, kennysheep_doodads,
          serial_bayou_pond_e, fountainhead, minmay_gold_behind_fungi,
          infiniplex_staircase_door_maze
Depths:4: grunt_zot_entry_hairpin, layout_cave_shapes,
          chequers_decorated_corner, hell_entry, kennysheep_random_hallway
Zot:1:    layout_gridville, st_large_dragon_hoard_1
Zot:2:    layout_twisted_circle, grunt_ministairs_14
Zot:3:    gammafunk_sealed_library, layout_gridlike, zot_minivault_2,
          uniq_parghit
Zot:4:    layout_cellular_growth
Zot:5:    layout_cellular_growth, st_stairs_11

Skill      XL: |  1  2  3  4  5  6  7  8  9 10 11 12 13 14 15 16 17 18 19 20 21 22 23 24 25 26 27 |
---------------+----------------------------------------------------------------------------------+-----
Conjurations   | 2 3 4 5 6 7 8 10 12 13 14 15 16 18 19 20 21 | 21.4
Translocations | 1 2 |  2.0
Summonings     | 2 3 4 5 7 9 11 13 14 16 17 18 19 | 19.0
Air Magic      | 1 2 3 4 5 8 10 11 12 14 17 | 17.6
Short Blades   | 1 2 3 |  3.0
Armour         | 1 2 3 4 6 7 8 9 |  9.1
Spellcasting   | 4 5 6 7 8 9 11 12 13 14 15 16 17 | 17.3
Dodging        | 3 4 5 6 8 9 10 11 12 13 | 13.0
Stealth        | 3 4 5 6 7 |  7.7
Fighting       | 2 3 4 6 7 8 9 10 11 12 13 14 | 14.0
Fire Magic     | 2 3 4 8 10 13 15 19 20 | 20.0
Polearms       | 1 2 3 |  3.0
Hexes          | 2 |  2.0
Long Blades    | 3 |  3.4
Evocations     | 2 5 6 8 9 |  9.6
Maces & Flails | 3 7 9 11 12 13 14 | 14.1
Invocations    | 3 5 6 7 8 |  8.0
Shields        | 4 6 7 9 10 11 13 | 13.2
Necromancy     | 4 7 10 12 | 12.1
Earth Magic    | 2 4 6 |  6.4

Action                   |  1- 3 |  4- 6 |  7- 9 | 10-12 | 13-15 | 16-18 | 19-21 | 22-24 | 25-27 || total
-------------------------+-------+-------+-------+-------+-------+-------+-------+-------+-------++-------
Melee: Dagger            |     1 |     9 |   151 |   226 |   462 |       |       |       |       ||   849
       Short sword       |     1 |    13 |       |       |       |       |       |       |       ||    14
       Kick              |     1 |     6 |    42 |   103 |   223 |   205 |   171 |   250 |   157 ||  1158
       Peck              |       |     2 |    22 |    57 |   152 |   130 |   126 |   170 |   109 ||   768
       Spear             |       |       |    10 |    31 |    25 |       |       |       |       ||    66
       Punch             |       |       |     3 |     4 |     8 |       |       |       |       ||    15
       Halberd           |       |       |       |    13 |       |       |       |       |       ||    13
       Trident           |       |       |       |       |    31 |       |       |       |       ||    31
       Long sword        |       |       |       |       |    17 |       |     7 |       |       ||    24
       Staff             |       |       |       |       |     7 |     9 |   313 |    19 |   214 ||   562
       Dire flail        |       |       |       |       |    25 |   490 |    70 |       |       ||   585
       Eveningstar       |       |       |       |       |       |       |       |   451 |    89 ||   540
 Fire: Sling             |    44 |    71 |       |       |       |       |       |       |       ||   115
 Cast: Magic Dart        |    36 |    61 |    55 |    28 |    32 |     1 |       |       |       ||   213
       Mephitic Cloud    |       |     5 |    18 |    67 |    72 |     6 |       |       |       ||   168
       Call Imp          |       |     1 |     2 |     6 |     2 |       |       |       |       ||    11
       Blink             |       |     1 |     1 |       |     4 |     7 |     1 |     2 |     7 ||    23
       Conjure Flame     |       |       |     1 |     9 |    26 |       |       |       |       ||    36
       Summon Mana Viper |       |       |       |     5 |    20 |    11 |     5 |    19 |     6 ||    66
       Flame Wave        |       |       |       |       |    33 |     2 |     1 |       |       ||    36
       Monstrous Menager |       |       |       |       |    27 |    73 |    78 |    27 |    36 ||   241
       Summon Hydra      |       |       |       |       |     9 |    76 |    56 |    32 |    29 ||   202
       Lightning Bolt    |       |       |       |       |       |    80 |   178 |   144 |    42 ||   444
       Spellforged Servi |       |       |       |       |       |       |    23 |    25 |    14 ||    62
       Swiftness         |       |       |       |       |       |       |     1 |       |       ||     1
       Starburst         |       |       |       |       |       |       |     6 |    53 |     7 ||    66
       Borgnjor's Vile C |       |       |       |       |       |       |       |    13 |    80 ||    93
       Passwall          |       |       |       |       |       |       |       |     1 |       ||     1
       Ignition          |       |       |       |       |       |       |       |       |    34 ||    34
Invok: Recall Ancestor   |       |       |     4 |    11 |    29 |    21 |    14 |    17 |    13 ||   109
       Ancestor Life: Kn |       |       |     1 |       |       |       |       |       |       ||     1
       Transference      |       |       |       |       |       |       |     1 |     1 |       ||     2
 Abil: Evoke the Staff o |       |       |       |       |       |     1 |    16 |       |       ||    17
Evoke: Wand              |       |       |     2 |     1 |    10 |     2 |       |     5 |     2 ||    22
       Lightning rod     |       |       |       |     4 |       |       |       |       |       ||     4
       Box of beasts     |       |       |       |       |       |     1 |       |       |       ||     1
       Tin of tremorston |       |       |       |       |       |       |       |     2 |       ||     2
  Use: Scroll            |       |       |    12 |     5 |    15 |     6 |     2 |     3 |    15 ||    58
       Potion            |       |       |       |       |     4 |     2 |     2 |     2 |    14 ||    24
 Stab: Sleeping          |       |     3 |     6 |     3 |    23 |     2 |     7 |     4 |     3 ||    51
       Confused          |       |     2 |     7 |    18 |    29 |     3 |       |       |       ||    59
       Distracted        |       |       |     1 |     2 |     5 |     7 |     6 |    22 |     6 ||    49
       Paralysed         |       |       |       |       |       |       |     4 |       |       ||     4
Armor: Robe              |     4 |       |     7 |    26 |       |    94 |       |       |       ||   131
       Leather armour    |     2 |    13 |    19 |       |       |       |       |       |       ||    34
       Acid dragon scale |       |       |       |    11 |     1 |       |       |    98 |   113 ||   223
       Troll leather arm |       |       |       |       |    87 |    39 |    57 |    49 |     5 ||   237
       Ring mail         |       |       |       |       |       |    34 |    62 |       |       ||    96
Dodge: Dodged            |    21 |    37 |    98 |   211 |   644 |   701 |   323 |   325 |   225 ||  2585
Block: Buckler           |       |       |       |       |       |       |   188 |    50 |       ||   238
       Reflection        |       |       |       |       |       |       |    10 |    14 |     5 ||    29
       Kite shield       |       |       |       |       |       |       |       |   342 |   300 ||   642

Table legend: (Time is in decaauts)
 A = Elapsed time spent in this place.
 B = Non-inter-level travel time spent in this place.
 C = Inter-level travel time spent in this place.
 D = Time resting spent in this place.
 E = Time spent auto-exploring this place.
 F = Levels seen in this place.
 G = Mean time per level.
                   A        B        C        D        E       F      G
               +--------+--------+--------+--------+--------+-----+--------+
         Total |  72927 |  65287 |   7640 |  13535 |  34497 |  57 | 1279.4 |
       Dungeon |  17954 |  14245 |   3709 |   1054 |   9523 |  15 | 1196.9 |
        Temple |     75 |     48 |     27 |      0 |     35 |   1 |   75.0 |
          Lair |   7266 |   6457 |    809 |    272 |   4707 |   6 | 1211.0 |
         Swamp |   3115 |   3025 |     90 |    540 |   1789 |   4 |  778.8 |
   Spider Nest |   6252 |   6057 |    195 |   2116 |   1983 |   4 | 1563.0 |
  Orcish Mines |   1987 |   1765 |    222 |    218 |    951 |   2 |  993.5 |
   Elven Halls |   4838 |   4687 |    151 |   1377 |   2147 |   3 | 1612.7 |
        Vaults |  10515 |   9593 |    922 |   2572 |   4912 |   5 | 2103.0 |
         Crypt |   6058 |   5590 |    468 |   2051 |   2105 |   3 | 2019.3 |
          Tomb |   1189 |   1115 |     74 |    501 |      0 |   1 | 1189.0 |
        Depths |   6517 |   5794 |    723 |   1341 |   2845 |   4 | 1629.2 |
           Zot |   5514 |   5267 |    247 |   1261 |   3170 |   5 | 1102.8 |
         Sewer |    425 |    425 |      0 |     11 |    199 |   1 |  425.0 |
      Ice Cave |    456 |    456 |      0 |    145 |     73 |   1 |  456.0 |
       Volcano |    282 |    282 |      0 |     12 |      0 |   1 |  282.0 |
      Gauntlet |    476 |    476 |      0 |     61 |     51 |   1 |  476.0 |
               +--------+--------+--------+--------+--------+-----+--------+

Top non-repeatable levels by time:
Vaults:2: 2811 daAuts
 Crypt:2: 2289 daAuts
Vaults:4: 2191 daAuts
Vaults:5: 2182 daAuts
 Crypt:3: 2155 daAuts
Depths:2: 2134 daAuts
    D:10: 1917 daAuts
    D:12: 1915 daAuts
   Elf:2: 1894 daAuts
Spider:4: 1849 daAuts
   Elf:3: 1768 daAuts
    D:15: 1741 daAuts
Depths:3: 1739 daAuts
     D:8: 1723 daAuts
    D:14: 1715 daAuts
